 Dungeon Crawl Stone Soup version 0.32-a0-350-g4f4d228785 (webtiles) character file.

Game seed: 3616611303309970478

160 AlmostDecent the Chopper (level 5, 0/46 HPs)
             Began as a Mountain Dwarf Fighter on Feb 17, 2024.
             Slain by Crazy Yiuf
             ... wielding a +4 quarterstaff of chaos
              (1 damage)
             ... on level 2 of the Dungeon.
             The game lasted 00:03:49 (1917 turns).

AlmostDecent the Chopper (Mountain Dwarf Fighter)   Turns: 1917, Time: 00:03:50

Health: 0/46       AC:  8    Str: 20    XL:     5   Next: 17%
Magic:  5/5        EV:  9    Int:  9    God:
Gold:   139        SH:  4    Dex:  9    Spells: 4/4 levels left

rFire   . . .        a - +0 war axe
rCold   . . .        c - +0 buckler
rNeg    . . .        b - +0 scale mail
rPois   .            (no helmet)
rElec   .            j - +0 cloak
rCorr   .            (no gloves)
SInv    .            (no boots)
Will    .....        (no amulet) Stlth
                     (no ring)
HPRegen 0.27/turn    (no ring)
MPRegen 0.09/turn

%: no passive effects
@: lethally poisoned (0 -> -12)
A: runic magic, artefact enchanting
a: no special abilities


You were on level 2 of the Dungeon.
You visited 1 branch of the dungeon, and saw 2 of its levels.

You collected 139 gold pieces.

Inventory:

Hand Weapons
 a - a +0 war axe (weapon)
Armour
 b - a +0 scale mail (worn)
 c - a +0 buckler (worn)
 j - a +0 cloak (worn)
Jewellery
 e - a ring of ice
 p - a ring of fire
Scrolls
 f - a scroll of noise {unknown}
 h - a scroll of identify {unknown}
 k - a scroll of torment {unknown}
 l - a scroll of vulnerability {unknown}
 o - a scroll of enchant armour {unknown}
 q - a scroll of butterflies {unknown}
 r - a scroll of enchant weapon {unknown}
 s - 3 scrolls of amnesia {unknown}
Potions
 d - 2 potions of might
 g - 2 potions of attraction {unknown}
 i - 2 potions of heal wounds {unknown}
 m - a potion of resistance {unknown}
 n - a potion of curing {unknown}


   Skills:
 + Level 4.1 Fighting
 * Level 4.9 Axes
 + Level 4.3 Armour
 + Level 3.4 Shields


You had 4 spell levels left.
You didn't know any spells.
Your spell library was empty.

Dungeon Overview and Level Annotations

Branches:
Dungeon (2/15)

Altars:

Annotations:
D:2 Crazy Yiuf


Innate Abilities, Weirdness & Mutations

Your spellcasting is much less encumbered by armour.
You can use scrolls of enchantment on lesser artefacts.


Message History

You slash the fungus!
The fungus is lightly damaged.
A nearby fungus withers and dies.
You hit the bush.
The bush is lightly damaged.
You hit the bush but do no damage.
The bush is lightly damaged.
Found a hammer.
Found a runed translucent door.
Crazy Yiuf shouts!
You open the door. You hit Crazy Yiuf.
Crazy Yiuf is lightly wounded.
Crazy Yiuf says, "Crazy?
Crazy!?
PORCUPINE!"
Crazy Yiuf hits you but does no damage.
You are poisoned.
You barely miss Crazy Yiuf.
Crazy Yiuf is lightly wounded.
You feel very sick. Crazy Yiuf closely misses you.
You hit Crazy Yiuf but do no damage.
Crazy Yiuf is lightly wounded.
You feel very sick. Crazy Yiuf hits you but does no damage.
You are electrocuted!
You closely miss Crazy Yiuf.
Crazy Yiuf is lightly wounded.
You feel sick. Crazy Yiuf misses you. Crazy Yiuf closely misses you.
You slash Crazy Yiuf!
Crazy Yiuf is severely wounded.
You feel sick.
Crazy Yiuf laughs, "Spliff!
Spliff Xom horse."
Crazy Yiuf hits you with a +4 quarterstaff of chaos!
You are lethally poisoned!
You barely miss Crazy Yiuf.
Crazy Yiuf is severely wounded.
* * * LOW HITPOINT WARNING * * *
You feel very sick.
Crazy Yiuf hits you with a +4 quarterstaff of chaos!
* * * LOW HITPOINT WARNING * * *
You convulse.
You die...

.###########.....................
.# #.####.##.##...####### .# #.#
#.##.##.#.## .# ### #########..#
.# ##.# # .# #.# # .# ### ♣♣###.#
# .# #)..#♣♣ ♣♣P....# # .#
#...g@♣♣♣♣P♣....# # ##
#...#♣..♣......## # ###
♣♣♣.♣....## # ♣♣♣♣♣### # #
################## #
...............#.######## #
####....)<....###.......# #
####.###.......#.######.# #


You could see Crazy Yiuf.

Vanquished Creatures
  Jessica (D:2)
  3 adders (D:2)
  3 dart slugs (D:1)
  A ribbon worm (D:2)
  7 ball pythons
  9 bats
  6 endoplasms
  10 goblins
  3 hobgoblins
  7 kobolds
  4 frilled lizards
  3 rats
57 creatures vanquished.

Notes
Turn   | Place    | Note
-------+----------+-------------------------------------------
     0 | D:1      | AlmostDecent the Mountain Dwarf Fighter began the quest for
                  | the Orb.
     0 | D:1      | Reached XP level 1. HP: 19/19 MP: 1/1
    85 | D:1      | Reached XP level 2. HP: 21/26 MP: 2/2
   373 | D:1      | Reached XP level 3. HP: 33/33 MP: 3/3
  1091 | D:2      | Reached XP level 4. HP: 40/40 MP: 4/4
  1216 | D:2      | Noticed Jessica
  1229 | D:2      | Killed Jessica
  1412 | D:2      | Reached XP level 5. HP: 46/46 MP: 5/5
  1907 | D:2      | Found a runed translucent door.
  1908 | D:2      | Noticed Crazy Yiuf
  1917 | D:2      | HP: 1/46 [Crazy Yiuf/+4 quarterstaff of chaos (9)]
  1917 | D:2      | Slain by Crazy Yiuf

Illustrated notes

Levels and vault maps discovered:
D:1:      dpeg_arrival_oval, layout_basic
D:2:      layout_loops_ring, minmay_heptomino_w4, uniq_jessica,
          uniq_crazy_yiuf_cottage

Skill      XL: |  1  2  3  4 |
---------------+-------------+-----
Axes           | 3 4 |  4.9
Fighting       | 4 |  4.1
Armour         | 4 |  4.3
Shields        | |  3.4

Action                     |  1- 3 |  4- 6 || total
---------------------------+-------+-------++-------
  Melee: War axe           |   119 |    74 ||   193
 Armour: Scale mail        |   100 |    47 ||   147
  Dodge: Dodged            |    71 |    32 ||   103
  Block: Buckler           |    18 |    11 ||    29

Table legend: (Time is in decaauts)
 A = Elapsed time spent in this place.
 B = Non-inter-level travel time spent in this place.
 C = Inter-level travel time spent in this place.
 D = Time resting spent in this place.
 E = Time spent auto-exploring this place.
 F = Levels seen in this place.
 G = Mean time per level.
                   A        B        C        D        E       F      G
               +--------+--------+--------+--------+--------+-----+--------+
         Total |   1985 |   1977 |      8 |      0 |   1515 |   2 |  992.5 |
       Dungeon |   1985 |   1977 |      8 |      0 |   1515 |   2 |  992.5 |
               +--------+--------+--------+--------+--------+-----+--------+

Top non-repeatable levels by time:
     D:1: 1044 daAuts
     D:2: 941 daAuts
